 Dungeon Crawl Stone Soup version 0.19-a0-1051-gdb7e7f8 (webtiles) character file.

3950 Liquid the Cleaver (level 10, -8/74 HPs)
             Began as a Formicid Chaos Knight on Aug 1, 2016.
             Mangled by an orc warrior
             ... wielding a +0 battleaxe of venom
              (11 damage)
             ... on level 8 of the Dungeon.
             The game lasted 00:33:09 (7073 turns).

Liquid the Cleaver (Formicid Chaos Knight)          Turns: 7073, Time: 00:33:10

Health: -8/74      AC: 15    Str: 18    XL:     10   Next: 45%
Magic:  16/16      EV: 10    Int: 11    God:    Xom [..*...]
Gold:   66         SH:  0    Dex: 15    Spells: 2 memorised, 11 levels left

rFire  + . .     SeeInvis +     F - +9 whip of Vorrig {freeze, MR+}
rCold  . . .     Gourm    .     O - +1 chain mail {rPois}
rNeg   + . .     Faith    .     (no shield)
rPois  +         Spirit   .     (helmet unavailable)
rElec  .         Dismiss  .     (no cloak)
rCorr  .         Reflect  .     z - +1 pair of gloves
SustAt .         Harm     .     r - +0 pair of boots
MR     +++..                    (no amulet)
Stlth  ..........               (no ring)
                                J - ring of positive energy

@: extremely resistant to hostile enchantments, extremely unstealthy
A: permanent stasis, dig shafts and tunnels, four strong arms, antennae 3, fangs
1, talons 1, agile 1, blurry vision 2, fire resistance 1, magic resistance 1
a: Dig, Shaft Self, Renounce Religion


You were on level 8 of the Dungeon.
You worshipped Xom.
You were a toy of Xom.
You were hungry.

You visited 1 branch of the dungeon, and saw 8 of its levels.

You collected 434 gold pieces.
You spent 368 gold pieces at shops.

Inventory:

Hand Weapons
 a - a +1 hand axe of chaos
 w - a +2 battleaxe
 B - a +0 war axe of chopping
 F - the +9 whip of Vorrig (weapon) {freeze, MR+}
   (You found it on level 7 of the Dungeon)

   It has been specially enchanted to freeze those struck by it, causing extra
   injury to most foes and up to half again as much damage against particularly
   susceptible opponents.
   It can also slow down cold-blooded creatures.
   It affects your resistance to hostile enchantments.
Armour
 r - a +0 pair of boots (worn)
 z - a +1 pair of gloves (worn)
 O - a +1 chain mail of poison resistance (worn)
Jewellery
 J - a ring of positive energy (left hand)
 K - an uncursed ring of fire
Wands
 m - a wand of digging (11/24)
 o - a wand of enslavement (13/24)
 u - a wand of flame (15/48)
 A - a wand of random effects (18/48)
 D - a wand of iceblast (7/15)
 L - a wand of polymorph (6/24)
 P - a wand of confusion (7/48)
Scrolls
 e - 2 scrolls of enchant weapon
 g - 4 scrolls of identify
 i - 2 scrolls of enchant armour
 q - a scroll of recharging
 x - 2 scrolls of immolation
 y - 2 scrolls of remove curse
Potions
 b - 3 potions of magic
 d - a potion of curing
 l - 5 potions of brilliance
 s - a potion of beneficial mutation
Books
 h - a book of Minor Magic

   Spells                             Type                      Level
   a - Magic Dart                     Conjuration                  1
   b - Blink                          Translocation                2
   c - Call Imp                       Summoning                    2
   d - Repel Missiles                 Charms/Air                   2
   e - Slow                           Hexes                        2
   f - Conjure Flame                  Conjuration/Fire             3
   g - Mephitic Cloud                 Conjuration/Poison/Air       3
 k - a book of Beasts

   Spells                             Type                      Level
   a - Summon Butterflies             Summoning                    1
   b - Call Canine Familiar           Summoning                    3
   c - Summon Ice Beast               Ice/Summoning                4
   d - Summon Mana Viper              Hexes/Summoning              5
   e - Summon Hydra                   Summoning                    7
 C - a book of Geomancy

   Spells                             Type                      Level
   a - Sandblast                      Earth                        1
   b - Passwall                       Transmutation/Earth          2
   c - Stone Arrow                    Conjuration/Earth            3
   d - Petrify                        Transmutation/Earth          4
   e - Lee's Rapid Deconstruction     Earth                        5
Comestibles
 c - 4 bread rations
 f - 3 royal jellies
 j - 4 meat rations
 n - 6 chunks of flesh
 H - 2 beef jerkies
 N - 3 fruits


   Skills:
 - Level 5.1 Fighting
 * Level 9.6 Axes
 + Level 7.2 Armour
 - Level 5.0 Dodging
 + Level 4.3 Spellcasting
 + Level 4.4 Summonings


You had 11 spell levels left.
You knew the following spells:

 Your Spells              Type           Power        Failure   Level  Hunger
a - Summon Butterflies    Summ           ##......     38%         1    #......
b - Summon Mana Viper     Hex/Summ       #.......     100%        5    ######.


Dungeon Overview and Level Annotations

Branches:
Dungeon (8/15)             Temple (0/1) D:4
   Lair: D:8-11

Altars:
Ashenzari
Cheibriados
Elyvilon
Gozag
Makhleb
Qazlal
Xom
Zin

Shops:
D:8 *


Innate Abilities, Weirdness & Mutations

You are under a permanent stasis effect.
You can dig through walls and to a lower floor.
Your four strong arms can wield two-handed weapons with a shield.
You have a pair of large antennae on your head. (SInv)
You have very sharp teeth.
You have sharp toenails.
You are agile. (Dex +2)
Scrolls take you longer to read.
Your flesh is heat resistant. (rF+)
You are resistant to hostile enchantments. (MR+)


Message History

The orc warrior hits you but does no damage.
You hit the orc warrior. You freeze the orc warrior.
Your bite misses the orc warrior.
The orc warrior is almost dead.
You barely miss the orc warrior.
The orc warrior is almost dead.
The orc warrior hits you with a battleaxe of venom!!
* * * LOW HITPOINT WARNING * * *
Unknown command.
You extend your mandibles.
You dig through the rock wall.
You dig through the rock wall.
The orc warrior throws a tomahawk.
The tomahawk completely misses you.
You see here a tomahawk.
Unknown command.
Are you sure you want to shaft yourself?
You feel somewhat more hungry.
You begin to dig a shaft.
You continue digging a shaft.
The orc warrior hits you with a battleaxe of venom!
You die...

#.## #.# #.# #...#
##.# #...# ##..#
#o{.#####...#
#..........##
####........##
#@##........#
##o##......##
##o#......##
#†##.......##
######{#(.......####
.....<.......###....##
..############ ####...
###. ##


You could see an orc warrior and an orc wizard.

Vanquished Creatures
  An ugly thing (D:7)
  Grinder (D:4)
  Sigmund (D:2)
  Eustachio (D:4)
  2 orc warriors
  2 ice beasts (D:5)
  2 black bears (D:6)
  4 sky beasts
  An ogre (D:5)
  The ghost of Meriados the Shooter, an amateur CeAM (D:3)
  3 centaurs
  3 giant frogs
  A wyvern skeleton (D:8)
  2 scorpions (D:6)
  3 wights (D:6)
  3 howler monkeys (D:8)
  2 crimson imps
  2 centaur zombies
  A quasit (D:7)
  5 orc priests
  6 orc wizards
  3 hounds
  A centaur skeleton (D:4)
  Natasha (thrice) (D:2)
  An iguana (D:6)
  2 worker ants
  A hound skeleton (D:5)
  6 gnolls
  14 adders
  4 shadow imps
  An ooze (D:1)
  3 adder skeletons
  2 worms
  2 dart slugs (D:1)
  7 giant geckos
  24 orcs
  6 giant cockroaches
  9 goblins
  4 hobgoblins
  13 jackals
  9 kobolds
  4 quokkas
  3 ball pythons
  12 bats
  A giant gecko skeleton (D:4)
  A giant gecko zombie (D:5)
  5 giant newts
  A jackal zombie (D:7)
  A quokka zombie (D:6)
  8 rats
198 creatures vanquished.

Vanquished Creatures (collateral kills)
  2 wights (D:6)
  An orc priest (D:6)
  An orc wizard (D:6)
  2 orcs (D:6)
6 creatures vanquished.

Vanquished Creatures (others)
  Prince Ribbit (D:5)
1 creature vanquished.

Grand Total: 205 creatures vanquished

Notes
Turn   | Place    | Note
-------+----------+-------------------------------------------
     0 | D:1      | Liquid the Formicid Chaos Knight began the quest for the Orb.
     0 | D:1      | Reached XP level 1. HP: 18/18 MP: 1/1
     6 | D:1      | Reached skill level 1 in Dodging
    25 | D:1      | XOM: divination: detect creatures
    74 | D:1      | Reached XP level 2. HP: 24/24 MP: 2/2
   314 | D:1      | Reached XP level 3. HP: 29/29 MP: 3/3
   429 | D:1      | XOM: harmless Fire miscast
   722 | D:2      | XOM: harmless Divn miscast
   726 | D:2      | Gained mutation: Your flesh is heat resistant. (rF+) [potion of mutation]
   726 | D:2      | Gained mutation: Scrolls take you a little longer to read. [potion of mutation]
   726 | D:2      | Gained mutation: Scrolls take you longer to read. [potion of mutation]
   758 | D:2      | Noticed Sigmund
   771 | D:2      | Killed Sigmund
   771 | D:2      | Reached skill level 4 in Axes
   771 | D:2      | Reached XP level 4. HP: 25/37 MP: 4/4
   771 | D:2      | Reached XP level 5. HP: 29/42 MP: 5/5
   771 | D:2      | Reached XP level 6. HP: 33/48 MP: 6/6
   842 | D:2      | Found a shimmering altar of Xom.
  1145 | D:2      | Noticed Natasha
  1151 | D:2      | XOM: harmless Summ miscast
  1152 | D:2      | XOM: butterfly on damage
  1153 | D:2      | XOM: noise
  1156 | D:2      | Killed Natasha
  1201 | D:2      | Noticed Natasha
  1211 | D:2      | Killed Natasha
  1211 | D:2      | Reached skill level 5 in Axes
  1361 | D:2      | Noticed Natasha
  1372 | D:2      | Killed Natasha
  1475 | D:2      | XOM: cloud trail
  1669 | D:2      | XOM: noise
  1726 | D:3      | Reached XP level 7. HP: 22/55 MP: 7/7
  2247 | D:3      | Noticed Meriados's ghost (amateur CeAM)
  2252 | D:3      | XOM: cast spell 'Leda's Liquefaction'
  2259 | D:3      | XOM: summons friendly shadow imp
  2266 | D:3      | Killed Meriados's ghost
  2647 | D:4      | Noticed Grinder
  2680 | D:4      | Killed Grinder
  2680 | D:4      | Reached skill level 5 in Fighting
  2680 | D:4      | Reached skill level 6 in Axes
  2680 | D:4      | Reached XP level 8. HP: 11/62 MP: 8/8
  2900 | D:3      | XOM: cloud trail
  2917 | D:4      | Found a staircase to the Ecumenical Temple.
  2943 | D:4      | Learned a level 1 spell: Summon Butterflies
  3075 | D:4      | XOM: mild Tmut miscast
  3090 | D:4      | Noticed Eustachio
  3101 | D:4      | XOM: scenery: create altars
  3112 | D:4      | Killed Eustachio
  3115 | D:4      | XOM: scenery: create altars
  3197 | D:4      | Reached skill level 1 in Summonings
  3437 | D:5      | Entered Level 5 of the Dungeon
  3482 | D:5      | XOM: butterfly on damage
  3483 | D:5      | Reached skill level 5 in Armour
  3483 | D:5      | Reached skill level 1 in Spellcasting
  3541 | D:5      | Reached skill level 7 in Axes
  3573 | D:5      | Found a white marble altar of Elyvilon.
  3573 | D:5      | Noticed Prince Ribbit
  3591 | D:5      | Killed Prince Ribbit
  3591 | D:5      | XOM: divine lightning (protected)
  3634 | D:5      | XOM: divine lightning
  3702 | D:5      | XOM: give mutations
  3702 | D:5      | Gained mutation: You have sharp toenails. [Xom's grace]
  3702 | D:5      | Gained mutation: You are agile. (Dex +2) [Xom's grace]
  3702 | D:5      | Gained mutation: You have very sharp teeth. [Xom's grace]
  3728 | D:5      | XOM: scenery: create altars
  3742 | D:5      | XOM: cleaving
  3756 | D:5      | XOM: enchant monster (good)
  3788 | D:5      | XOM: give mutation
  3788 | D:5      | Gained mutation: You are resistant to hostile enchantments. (MR+) [Xom's grace]
  3789 | D:5      | XOM: divination: detect items
  3791 | D:5      | XOM: summons 5 friendly demons
  3802 | D:5      | Reached XP level 9. HP: 20/68 MP: 10/12
  4439 | D:6      | XOM: summons 9 friendly demons
  4490 | D:6      | Reached skill level 8 in Axes
  4542 | D:6      | XOM: confuse monster(s)
  4802 | D:6      | Found a glowing silver altar of Zin.
  4808 | D:6      | XOM: harmless Ice miscast
  4814 | D:6      | XOM: scenery: create altars
  4817 | D:6      | XOM: enchant monster (good)
  4827 | D:6      | XOM: confuse monster(s)
  4836 | D:6      | XOM: enchant monster (good)
  4838 | D:6      | XOM: confuse monster(s)
  5164 | D:6      | Found a snail-covered altar of Cheibriados.
  5181 | D:6      | Learned a level 5 spell: Summon Mana Viper
  5211 | D:6      | Reached skill level 5 in Dodging
  5596 | D:6      | XOM: harmless Tloc miscast
  5702 | D:7      | XOM: harmless Tmut miscast
  5705 | D:7      | Found an opulent altar of Gozag.
  5774 | D:7      | Found a burning altar of Makhleb.
  5780 | D:7      | Got a faintly glowing whip
  5782 | D:7      | Identified the +9 whip of Vorrig {freeze, MR+} (You found it on level 7 of the Dungeon)
  5798 | D:7      | Reached XP level 10. HP: 65/74 MP: 14/14
  5807 | D:7      | Noticed a green ugly thing
  5820 | D:7      | XOM: potion effect (heal wounds)
  5833 | D:7      | Killed a green ugly thing
  5833 | D:7      | Reached skill level 9 in Axes
  5896 | D:7      | Found a shattered altar of Ashenzari.
  5899 | D:7      | Got a bloodstained short sword
  5918 | D:7      | Identified the +6 short sword of Circularity {pierce, Fragile rC+ Str+5} (You found it on level 7 of the Dungeon)
  6047 | D:7      | XOM: harmless Necr miscast
  6094 | D:7      | XOM: noise
  6554 | D:8      | Found Ugur's Assorted Antiques.
  6564 | D:8      | Bought a scroll labeled TEUHAR DUMOUTS for 32 gold pieces
  6564 | D:8      | Bought a scroll labeled QUDYAS CINWIWK for 32 gold pieces
  6564 | D:8      | Bought a scroll labeled BUS VIANEEWK for 32 gold pieces
  6564 | D:8      | Bought a shiny chain mail for 144 gold pieces
  6564 | D:8      | Bought a bronze wand for 128 gold pieces
  6653 | D:8      | XOM: divination: magic mapping
  6700 | D:8      | Found a stormy altar of Qazlal.
  6842 | D:8      | XOM: fog
  7052 | D:8      | XOM: harmless Tmut miscast
  7069 | D:8      | HP: 2/74 [orc warrior/battleaxe of venom (18)]
  7073 | D:8      | Mangled by an orc warrior

Vault maps used:
D:1:      erik_arrival_blinker_ship, minmay_pentomino_o4
D:2:      tgw_xom, first_bread, uniq_natasha, uniq_sigmund
D:3:      minmay_surrounded
D:4:      uniq_grinder, uniq_eustachio
D:5:      basic_altar, patterned_corridor, uniq_prince_ribbit1
D:6:      black_bear_nest_1, old_standard_altar, marbit_many_paths,
          hangedman_decor_growths
D:7:      nicolae_overflow_crystal_walls, grunt_gozag_statues, bloody_makhleb,
          bh_walls_and_bars
D:8:      serial_shops, shop, basic_altar

Skill      XL: |  1  2  3  4  5  6  7  8  9 10 |
---------------+-------------------------------+-----
Dodging        | 1 2 3 4 5 |  5.0
Axes           | 4 5 6 7 8 9 |  9.6
Armour         | 3 4 5 6 7 |  7.2
Fighting       | 4 5 |  5.1
Summonings     | 2 3 4 |  4.4
Spellcasting   | 2 3 4 |  4.3

Action                   |  1- 3 |  4- 6 |  7- 9 | 10-12 || total
-------------------------+-------+-------+-------+-------++-------
Melee: Hand axe          |    91 |    94 |   395 |       ||   580
       War axe           |       |       |    42 |       ||    42
       Bite              |       |       |    29 |    12 ||    41
       Whip              |       |       |     4 |   121 ||   125
 Abil: Dig               |     2 |     1 |    12 |     4 ||    19
       Shaft Self        |       |       |       |     1 ||     1
Evoke: Wand              |       |       |    10 |       ||    10
  Use: Scroll            |     7 |     2 |     8 |     7 ||    24
       Potion            |     1 |     1 |     4 |     3 ||     9
 Stab: Confused          |     1 |       |    10 |       ||    11
       Paralysed         |       |       |     2 |       ||     2
       Sleeping          |       |       |     1 |       ||     1
  Eat: Chunk             |       |     3 |    13 |     4 ||    20
       Beef jerky        |       |       |     1 |       ||     1
Armor: Leather armour    |    47 |    38 |    82 |       ||   167
       Skin              |       |       |    25 |       ||    25
       Chain mail        |       |       |    65 |    43 ||   108
Dodge: Dodged            |    65 |    63 |   219 |    47 ||   394
